 Dungeon Crawl Stone Soup version 0.31-a0-204-g7da18cac08 (webtiles) character file.

Game seed: 13868084942726018874

111 qw the Skirmisher (level 4, -1/25 HPs)
             Began as a Deep Elf Hunter on June 27, 2023.
             Slain by a scorpion (3 damage)
             ... on level 5 of the Dungeon.
             The game lasted 00:00:35 (1734 turns).

qw the Skirmisher (Deep Elf Hunter)                 Turns: 1734, Time: 00:00:35

Health: -1/25      AC:  7    Str: 10    XL:     4   Next: 62%
Magic:  6/6        EV: 11    Int: 14    God:
Gold:   62         SH:  0    Dex: 18    Spells: 3/3 levels left

rFire   . . .        Y - +1 shortbow
rCold   . . .        (shield currently unavailable)
rNeg    . . .        b - +0 ring mail
rPois   .            i - +0 helmet
rElec   .            (no cloak)
rCorr   .            (no gloves)
SInv    .            d - +0 pair of boots
Will    .....        (no amulet)
Stlth   +            (no ring)
HPRegen 0.24/turn    (no ring)
MPRegen 0.10/turn

%: no passive effects
@: lethally poisoned (-1 -> -3)
A: no striking features
a: no special abilities


You were on level 5 of the Dungeon.
You visited 1 branch of the dungeon, and saw 4 of its levels.

You collected 110 gold pieces.
You spent 48 gold pieces at shops.


   Skills:
 - Level 1.5 Fighting
 + Level 8.0 Ranged Weapons
 - Level 2.4 Dodging
 - Level 1.2 Stealth


You had 3 spell levels left.
You didn't know any spells.
Your spell library was empty.

Inventory:

Hand Weapons
 Y - a +1 shortbow (weapon)
Armour
 b - a +0 ring mail (worn)
 c - a +1 helmet
 d - a +0 pair of boots (worn)
 i - a +0 helmet (worn)
Potions
 a - a potion of curing {unknown}
 f - 2 potions of degeneration {unknown}
 h - 2 potions of haste {unknown}

Dungeon Overview and Level Annotations

Branches:
Dungeon (3/15)

Altars:
Cheibriados

Shops:
D:2 [


Message History

The sleepcap is almost destroyed.
The scorpion stings you.
The sleepcap releases spores at you but does no damage.
The scorpion stings you.
You shoot an arrow.
The arrow hits the sleepcap but does no damage.
The sleepcap is almost destroyed.
The sleepcap barely misses you. The scorpion closely misses you.
You shoot an arrow.
The arrow hits the sleepcap but does no damage.
The sleepcap is almost destroyed.
The scorpion completely misses you. The sleepcap misses you.
The scorpion stings you. The sleepcap completely misses you.
You shoot an arrow. The arrow hits the sleepcap.
You destroy the sleepcap!
The scorpion misses you.
Your Ranged Weapons skill increases to level 8!
You shoot an arrow. The arrow hits the scorpion.
The scorpion is moderately wounded.
The scorpion stings you.
You shoot an arrow. The arrow hits the scorpion.
The scorpion is heavily wounded.
The scorpion stings you.
You are lethally poisoned!
The scorpion poisons you!
The scorpion stings you but does no damage.
You shoot an arrow. The arrow hits the scorpion.
The scorpion is severely wounded.
You feel very sick.
The scorpion stings you but does no damage.
You shoot an arrow.
The arrow hits the scorpion but does no damage.
The scorpion is severely wounded.
You feel sick. The scorpion barely misses you.
You shoot an arrow. The arrow hits the scorpion.
The scorpion is severely wounded.
You feel sick. The scorpion barely misses you.
You shoot an arrow. The arrow closely misses the scorpion.
You feel sick. The scorpion closely misses you. The scorpion stings you.
You die...

###. ....
##... ...#
#..# #..#
..####.%###
.......@..#
####.#.s#.#
#..#.#####
....#.....#
#.#.######.#
#.#.#......#
. #.#.######
## #.


You could see a scorpion.

Vanquished Creatures
  A sleepcap (D:5)
  3 adders
  2 worms
  A dart slug (D:2)
  An orc (D:3)
  A ball python (D:1)
  3 bats (D:1)
  An endoplasm (D:1)
  2 giant cockroaches (D:1)
  A goblin (D:2)
  4 hobgoblins
  10 jackals
  4 quokkas
  3 frilled lizards
  4 kobolds
  3 rats
44 creatures vanquished.

Notes
Turn   | Place    | Note
-------+----------+-------------------------------------------
     0 | D:1      | qw the Deep Elf Hunter began the quest for the Orb.
     0 | D:1      | Reached XP level 1. HP: 12/12 MP: 3/3
     0 | D:1      | 0 ||| qw: Version: 0.3-a-22-g0ed2b0b
     0 | D:1      | 0 ||| qw: Game counter: 6594
     0 | D:1      | 0 ||| qw: Melee chars always use a shield: true
     0 | D:1      | 0 ||| qw: God list: Okawaru
     0 | D:1      | 0 ||| qw: Allow faded altars: false
     0 | D:1      | 0 ||| qw: Do Orc after clearing Dungeon:15 true
     0 | D:1      | 0 ||| qw: Do second Lair branch before Depths: true
     0 | D:1      | 0 ||| qw: Lair rune preference: random
     0 | D:1      | 0 ||| qw: Goals: Normal
     0 | D:1      | 0 ||| PLANNING D:1-11
   313 | D:1      | Reached skill level 6 in Ranged Weapons
   313 | D:1      | Reached XP level 2. HP: 16/16 MP: 4/4
   330 | D:1      | HP: 4/16 [jackal (1)]
   334 | D:1      | HP: 1/16 [rat (1)]
   719 | D:1      | 719 ||| UPGRADING to +0 pair of boots.
   724 | D:1      | 724 ||| UPGRADING to +0 helmet.
   729 | D:1      | 729 ||| READING scroll labelled UHAH UQOYR.
   730 | D:1      | 730 ||| READING scroll labelled UXKUMEYNTO.
   734 | D:1      | 734 ||| READING scroll labelled NALULA RYZIHO.
   735 | D:1      | 735 ||| DROPPING scroll of butterflies.
   824 | D:2      | Reached XP level 3. HP: 19/20 MP: 5/5
  1005 | D:2      | Found Iseoc's Armour Shoppe.
  1010 | D:2      | 1010 ||| BUYING +0 scale mail (48 gold).
  1010 | D:2      | Bought a +0 scale mail for 48 gold pieces
  1010 | D:2      | 1010 ||| SHOPLISTING +1 robe of Untold Secrets {rElec
                  | Will+} (303 gold, have 0).
  1010 | D:2      | 1010 ||| SHOPLISTING +3 scale mail (252 gold, have 0).
  1031 | D:2      | Reached skill level 7 in Ranged Weapons
  1305 | D:2      | Found a snail-covered altar of Cheibriados.
  1308 | D:2      | 1308 ||| Stepping ~*~*~tactically~*~*~ (outnumbered).
  1384 | D:2      | 1384 ||| UPGRADING to +0 scale mail.
  1394 | D:2      | 1394 ||| UPGRADING to +0 ring mail.
  1404 | D:2      | 1404 ||| DROPPING +0 scale mail.
  1405 | D:2      | 1405 ||| DROPPING +0 leather armour.
  1406 | D:2      | 1406 ||| READING scroll labelled HILASE UNNITE.
  1407 | D:2      | 1407 ||| DRINKING 2 black potions.
  1408 | D:2      | 1408 ||| DROPPING potion of attraction.
  1479 | D:3      | Reached XP level 4. HP: 25/25 MP: 6/6
  1699 | D:3      | You fall into a shaft and drop 2 floors!
  1699 | D:5      | Entered Level 5 of the Dungeon
  1716 | D:5      | Noticed a scorpion
  1729 | D:5      | Reached skill level 8 in Ranged Weapons
  1731 | D:5      | HP: 5/25 [poisoned by a scorpion]
  1734 | D:5      | HP: 2/25 [poisoned by a scorpion]
  1734 | D:5      | Slain by a scorpion

Levels and vault maps discovered:
D:1:      dpeg_arrival_rooms_a, layout_loops_ring
D:2:      layout_basic, serial_shops, shop, basic_altar,
          nicolae_concentric_dashed_squares_mild
D:3:      layout_loops_ring, hangedman_abyss_or_decor_lesser_grid,
          minmay_crystal_water, lemuel_flame_loot_1, uniq_grinder
D:5:      corexii_shantytown, layout_loops_ring, general_overflow_altar

Skill      XL: |  1  2  3  4 |
---------------+-------------+-----
Ranged Weapons | 6 7 8 |  8.0
Fighting       | |  1.5
Dodging        | |  2.4
Stealth        | |  1.2

Action                     |  1- 3 |  4- 6 || total
---------------------------+-------+-------++-------
   Fire: Shortbow          |    88 |    45 ||   133
    Use: Scroll            |     4 |       ||     4
         Potion            |     1 |       ||     1
 Armour: Leather armour    |    18 |       ||    18
         Ring mail         |     1 |    17 ||    18
  Dodge: Dodged            |    42 |    25 ||    67

Table legend:
 A = Non-vault XP
 B = Vault XP
 C = Vault XP percentage of total XP
 D = Non-vault monster count
 E = Vault monster count
 F = Vault count percentage of total count
                 A         B        C        D         E       F
            +---------+---------+-------+---------+---------+-------
      Total |     159 |       0 |   0.0 |      44 |       0 |   0.0
            +---------+---------+-------+---------+---------+-------
        D:1 |      33 |       0 |   0.0 |      20 |       0 |   0.0
        D:2 |      52 |       0 |   0.0 |      14 |       0 |   0.0
        D:3 |      32 |       0 |   0.0 |       8 |       0 |   0.0
        D:5 |      42 |       0 |   0.0 |       2 |       0 |   0.0
            +---------+---------+-------+---------+---------+-------
